 Dungeon Crawl Stone Soup version 0.20-a0-1020-g7b9e4fe (webtiles) character file.

1365 M4edhros the Covert (level 8, -13/54 HPs)
             Began as an Octopode Artificer on Apr 18, 2017.
             Was a Priest of Qazlal.
             Mangled by a two-headed ogre
             ... wielding a +0 dire flail
              (21 damage)
             ... on level 6 of the Dungeon.
             The game lasted 00:07:36 (5910 turns).

M4edhros the Covert (Octopode Artificer)            Turns: 5910, Time: 00:07:37

Health: -13/54     AC:  1    Str: 11    XL:     8   Next: 65%
Magic:  10/10      EV: 15    Int: 14    God:    Qazlal [***...]
Gold:   167        SH:  3    Dex: 16    Spells: 7/7 levels left

rFire    . . .     SeeInvis .   C - +3 scimitar (elec)
rCold    . . .     Gourm    .   (no shield)
rNeg     . . .     Faith    .   (helmet restricted)
rPois    +         Spirit   .   N - amulet of regeneration
rElec    .         Reflect  .   e - ring of resist corrosion
rCorr    +         Harm     .   x - ring of resist corrosion
MR       +....     Clarity  +   B - ring of protection from magic
Stlth    ++++......             I - ring of poison resistance
Regen    0.6/turn               (no ring)
MPRegen  0.2/turn               (no ring)
                                (no ring)
                                (no ring)

@: no status effects
A: almost no armour, stealthy swim, amphibious, 8 rings, constrict 8, camouflage
1, agile 1, clarity, gelatinous body 1, no potion heal 1
a: Upheaval, Elemental Force, Renounce Religion


You were on level 6 of the Dungeon.
You worshipped Qazlal.
Qazlal was most pleased with you.
You were hungry.

You visited 2 branches of the dungeon, and saw 7 of its levels.

You collected 255 gold pieces.
You spent 88 gold pieces at shops.

Inventory:

Hand Weapons
 a - a +0 short sword
 u - a +0 whip of pain
 v - a +0 short sword of speed
 A - a +3 rapier of flaming
 C - a +3 scimitar of electrocution (weapon)
 E - a +2 hunting sling of freezing
 J - the cursed +1 falchion of the Forgotten Runes {freeze, Dex+4, unknown}
   (You took it off an orc on level 5 of the Dungeon)

   It has been specially enchanted to freeze those struck by it, causing extra
   injury to most foes and up to half again as much damage against particularly
   susceptible opponents.
   It can also slow down cold-blooded creatures.
   It affects your dexterity (+4).
   It has a curse placed upon it.
Missiles
 F - 55 stones (quivered)
Jewellery
 e - a ring of resist corrosion (left tentacle)
 h - an uncursed amulet of magic regeneration
 o - a +3 amulet of reflection
 x - a ring of resist corrosion (right tentacle)
 B - a ring of protection from magic (on tentacle)
 I - a ring of poison resistance (on tentacle)
 N - an amulet of regeneration (around mantle)
Wands
 b - a wand of flame (6/48)
 c - a wand of enslavement (9/24)
 d - a wand of random effects (15/48)
 n - a wand of iceblast (4/15)
 y - a wand of acid (4/15)
 L - a wand of flame (39/48)
Scrolls
 l - 2 scrolls of fear {unknown}
 m - 2 scrolls of fog {unknown}
 s - 2 scrolls of magic mapping
 t - a scroll of noise {unknown}
 D - 3 scrolls of recharging {unknown}
 G - 2 scrolls of remove curse {unknown}
 H - a scroll of amnesia {unknown}
 K - a scroll of identify
Potions
 i - 2 potions of curing
 p - a potion of agility {unknown}
 q - a potion of brilliance {unknown}
 r - 2 potions of berserk rage {unknown}
 w - a potion of ambrosia {unknown}
 z - 3 potions of flight {unknown}
Comestibles
 f - 7 bread rations
 g - 6 fruits
 j - 2 meat rations
 k - 4 royal jellies


   Skills:
 + Level 3.7 Fighting
 - Level 1.0(3.4) Short Blades
 * Level 5.3(5.4) Long Blades
 + Level 4.1 Dodging
 - Level 9.9 Stealth
 - Level 3.2 Evocations


You had 7 spell levels left.
You didn't know any spells.

Dungeon Overview and Level Annotations

Branches:
Dungeon (6/15)             Temple (1/1) D:4

Altars:
Ashenzari
Cheibriados
Dithmenos
Elyvilon
Fedhas
Gozag
Hepliaklqana
Kikubaaqudgha
Makhleb
Nemelex Xobeh
Okawaru
Qazlal
Ru
Sif Muna
Trog
Uskayaw
Vehumet
Wu Jian
Xom
Yredelemnul
Zin
The Shining One

Shops:
D:4 :!   D:5 [


Innate Abilities, Weirdness & Mutations

You cannot wear most types of armour.
You are very stealthy in the water. (Stealth+)
You are amphibious.
You can wear up to eight rings at the same time.
You can use your tentacles to constrict eight enemies at once.
Your skin changes colour to match your surroundings (Stealth+).
Your rubbery body absorbs attacks. (AC +1, EV +1)
You are agile. (Dex +2)
You possess an exceptional clarity of mind.
Potions are less effective at restoring your health.


Message History

Okay, then.
Okay, then.
Okay, then.
You don't know any spells.
Okay, then.
Evoke which item? (* to show all) (? for menu, Esc to quit)
Aiming: Corrosive Bolt
Press: ? - help, Shift-Dir - straight line, f - phantom
Aim: a phantom (heavily damaged)
The bolt of acid hits the two-headed ogre.
The two-headed ogre is splashed with acid.
The acid corrodes the two-headed ogre!
The two-headed ogre is heavily wounded.
The bolt of acid hits the phantom.
The phantom is splashed with acid.
The acid corrodes the phantom!
You destroy the phantom!
Qazlal accepts your kill.
This wand has 4 charges left.
The two-headed ogre hits you with a dire flail!!
You die...

...#.###..#.##.......##<##
....###..#.##.#._.#.##.# .###
#.......#.#...........# .....
#.#...##......#....### .....
#.#................#
#.....#....###.....#####.#
#.....##...# #5#.#..####.# #
#.....#...###..#÷##......####
#......(...O@.##)####........
#........)######..###........
#......?.## ##..<.........
........W.# #.†###.......
.........o# #..# #.......
.......#..# #..# #.##.###
....####))# #.###..##.# ##..
#..# ..# .>###.# ## ...# ##.#
.# .#


You could see a two-headed ogre and a shadow imp.

Vanquished Creatures
  Grinder (D:6)
  2 phantoms
  A sky beast (D:5)
  An ogre (D:6)
  Blork the orc (D:4)
  A howler monkey (D:6)
  3 crimson imps (D:5)
  A centaur skeleton (D:4)
  An orc priest (D:5)
  3 hounds
  3 orc wizards
  2 iguanas
  Ijyb (D:3)
  2 worker ants
  A hound skeleton (D:6)
  11 adders
  A gnoll (D:3)
  An ooze (D:3)
  An adder zombie (D:5)
  An adder skeleton (D:5)
  5 worms
  4 dart slugs
  3 leopard geckos
  7 orcs
  4 giant cockroaches
  11 hobgoblins
  4 jackals (D:5)
  13 kobolds
  2 quokkas
  6 bats
  4 frilled lizards
  7 goblins
  9 rats
118 creatures vanquished.

Vanquished Creatures (collateral kills)
  Eustachio (D:4)
  A goblin (D:2)
  A kobold (D:2)
3 creatures vanquished.

Vanquished Creatures (others)
  A goblin (D:4)
1 creature vanquished.

Grand Total: 122 creatures vanquished

Notes
Turn   | Place    | Note
-------+----------+-------------------------------------------
     0 | D:1      | M4edhros the Octopode Artificer began the quest for the Orb.
     0 | D:1      | Reached XP level 1. HP: 13/13 MP: 3/3
    48 | D:1      | Reached skill level 2 in Stealth
   190 | D:2      | Reached XP level 2. HP: 7/18 MP: 4/4
   461 | D:4      | Noticed Eustachio
   464 | D:4      | Reached skill level 4 in Stealth
   464 | D:4      | Reached XP level 3. HP: 21/23 MP: 5/5
   666 | D:4      | Reached skill level 5 in Stealth
   666 | D:4      | Reached XP level 4. HP: 18/28 MP: 6/6
   787 | D:4      | Found a staircase to the Ecumenical Temple.
   790 | D:4      | Noticed a phantom
   824 | D:4      | Found Futtidd's Distillery.
   833 | Temple   | Entered the Ecumenical Temple
   874 | Temple   | Became a worshipper of Qazlal Stormbringer
  1425 | D:1      | Reached skill level 6 in Stealth
  1704 | D:2      | Reached * piety under Qazlal
  2056 | D:2      | Reached XP level 5. HP: 28/33 MP: 7/7
  2313 | D:2      | Reached skill level 7 in Stealth
  3014 | D:3      | Found a sacrificial altar of Ru.
  3014 | D:3      | Found a deep blue altar of Sif Muna.
  3016 | D:3      | Found a blossoming altar of Fedhas.
  3021 | D:3      | Found a glowing golden altar of the Shining One.
  3023 | D:3      | Found a shadowy altar of Dithmenos.
  3023 | D:3      | Found a glowing silver altar of Zin.
  3023 | D:3      | Found a burning altar of Makhleb.
  3023 | D:3      | Found an ornate altar of the Wu Jian Council.
  3024 | D:3      | Found a hide-covered altar of Uskayaw.
  3026 | D:3      | Found a snail-covered altar of Cheibriados.
  3027 | D:3      | Found a sparkling altar of Nemelex Xobeh.
  3174 | D:3      | Noticed Ijyb
  3181 | D:3      | Killed Ijyb
  3181 | D:3      | Reached skill level 8 in Stealth
  3181 | D:3      | Reached XP level 6. HP: 31/38 MP: 8/8
  3392 | D:4      | Noticed Blork the orc
  3414 | D:4      | Your ally died
  3427 | D:4      | Killed Eustachio
  3427 | D:4      | Reached skill level 9 in Stealth
  3446 | D:4      | Killed a phantom
  3518 | D:4      | Reached ** piety under Qazlal
  3666 | D:4      | Bought a potion of mutation for 88 gold pieces
  3666 | D:4      | Gained mutation: You are frail. (-10% HP) [potion of mutation]
  3666 | D:4      | Lost mutation: You are frail. (-10% HP) [potion of mutation]
  3666 | D:4      | Gained mutation: Your natural rate of healing is unusually fast. [potion of mutation]
  3667 | D:4      | Lost mutation: Your natural rate of healing is unusually fast. [potion of mutation]
  3667 | D:4      | Gained mutation: Your spells are a little easier to cast, but a little less powerful. [potion of mutation]
  3667 | D:4      | Gained mutation: You are agile. (Dex +2) [potion of mutation]
  3668 | D:4      | Lost mutation: Your spells are a little easier to cast, but a little less powerful. [potion of mutation]
  3668 | D:4      | Lost mutation: You are agile. (Dex +2) [potion of mutation]
  3668 | D:4      | Gained mutation: You are agile. (Dex +2) [potion of mutation]
  3668 | D:4      | Gained mutation: Potions are less effective at restoring your health. [potion of mutation]
  3668 | D:4      | Gained mutation: You possess an exceptional clarity of mind. [potion of mutation]
  3684 | D:4      | Reached XP level 7. HP: 40/43 MP: 9/9
  3689 | D:4      | Reached skill level 1 in Long Blades
  4208 | D:4      | Found Laxzad's Book Boutique.
  4582 | D:5      | Entered Level 5 of the Dungeon
  5216 | D:5      | Reached XP level 8. HP: 40/51 MP: 10/10
  5243 | D:5      | Got a warped falchion {freeze}
  5262 | D:5      | Found a hazy altar of Hepliaklqana.
  5263 | D:5      | Found a shimmering altar of Xom.
  5263 | D:5      | Noticed a tentacled monstrosity
  5264 | D:5      | Noticed a spectral ugly thing
  5264 | D:5      | Noticed a tentacled monstrosity
  5403 | D:5      | Found Deotu's Antique Armour Emporium.
  5617 | D:6      | Found a radiant altar of Vehumet.
  5858 | D:6      | Noticed Grinder
  5865 | D:6      | Killed Grinder
  5896 | D:6      | Reached skill level 5 in Long Blades
  5899 | D:6      | Noticed a two-headed ogre
  5909 | D:6      | Reached *** piety under Qazlal
  5910 | D:6      | Mangled by a two-headed ogre

Vault maps used:
D:1:      saegor_arrival_simple_d, grunt_decor_one_mirror
D:2:      minmay_door_path, first_bread
D:3:      kennysheep_six_static_rooms, minitemple, uniq_iyjb
D:4:      cheibrodos_greedy_goblins, minmay_temple_entry_purple_smoke,
          serial_shops, shop, nicolae_shop_stone, uniq_blork_the_orc,
          uniq_eustachio
D:5:      regret_index_temple_of_mockery, serial_shops, shop,
          hangedman_abyss_or_decor_stagger
D:6:      lemuel_slime, vehumet_altar_wand_db, uniq_grinder
Temple:   jpeg_temple_island

Skill      XL: |  1  2  3  4  5  6  7  8 |
---------------+-------------------------+-----
Stealth        | 2 4 5 6 8 9 |  9.9
Long Blades    | 3 5 |  5.3
Fighting       | 2 3 |  3.7
Dodging        | 3 4 |  4.1
Short Blades   | |  1.0
Evocations     | |  3.2

Action                   |  1- 3 |  4- 6 |  7- 9 || total
-------------------------+-------+-------+-------++-------
Melee: Short sword       |    19 |   125 |       ||   144
       Constrict         |     4 |    36 |    22 ||    62
       Tentacles         |     3 |    31 |    18 ||    52
       Rapier            |       |     7 |       ||     7
       Scimitar          |       |     2 |    85 ||    87
Evoke: Wand              |     1 |    14 |     5 ||    20
  Use: Potion            |       |     5 |       ||     5
       Scroll            |       |       |     7 ||     7
 Stab: Sleeping          |     3 |     7 |       ||    10
  Eat: Chunk             |       |     9 |     6 ||    15
Armor: Skin              |     1 |     5 |     1 ||     7
Dodge: Dodged            |    13 |    64 |    56 ||   133
Block: Other             |       |    17 |    22 ||    39
       Reflection        |       |     1 |     1 ||     2
       Rpst.: Scimitar   |       |       |    12 ||    12
